 Dungeon Crawl Stone Soup version 0.19-a0-376-gf780d9b (webtiles) character file.

106 kae the Slasher (level 4, 0/39 HPs)
             Began as a Minotaur Fighter on May 30, 2016.
             Succumbed to a gnoll's poison
             ... on level 3 of the Dungeon.
             The game lasted 00:01:19 (1517 turns).

kae the Slasher (Minotaur Fighter)                  Turns: 1517, Time: 00:01:20

Health: 0/39       AC:  8    Str: 25      XL:     4   Next: 55%
Magic:  3/3        EV:  7    Int:  4 (6)  God:    Xom [..*...]
Gold:   52         SH:  9    Dex:  9 (10) Spells: 0 memorised, 3 levels left

rFire  . . .     SeeInvis .     a - +0 long sword
rCold  . . .     Gourm    .     b - +0 scale mail
rNeg   . . .     Faith    .     c - +0 shield
rPois  .         Spirit   .     (helmet restricted)
rElec  .         Dismiss  .     m - +0 cloak
rCorr  .         Reflect  .     (no gloves)
SustAt .         Harm     .     (no boots)
MR     .....                    (no amulet)
Stlth  ..........               (no ring)
                                (no ring)

@: mighty, lethally poisoned (0 -> -11), flying, not resistant to hostile
enchantments, extremely unstealthy
A: retaliatory headbutt, horns 2
a: Renounce Religion


You were on level 3 of the Dungeon.
You worshipped Xom.
You were a toy of Xom.
You were not hungry.

You visited 1 branch of the dungeon, and saw 3 of its levels.

You collected 52 gold pieces.

Inventory:

Hand Weapons
 a - a +0 long sword (weapon)
Armour
 b - a +0 scale mail (worn)
 c - a +0 shield (worn)
 m - a +0 cloak (worn)
Jewellery
 p - a cursed ring of teleportation {unknown}
 q - an uncursed ring of fire {unknown}
Scrolls
 e - a scroll of fog {unknown}
 g - a scroll of blinking {unknown}
 i - a scroll of amnesia {unknown}
 l - a scroll of noise {unknown}
 n - 4 scrolls of remove curse {unknown}
 o - 3 scrolls of enchant armour {unknown}
 r - 3 scrolls of identify {unknown}
 t - 2 scrolls of teleportation {unknown}
 u - a scroll of immolation {unknown}
Potions
 d - a potion of might
Comestibles
 f - 2 bread rations
 h - 2 slices of pizza


   Skills:
 - Level 3.6 Fighting
 + Level 5.9 Long Blades
 - Level 3.6 Armour
 - Level 3.6 Shields


You had 3 spell levels left.
You didn't know any spells.

Dungeon Overview and Level Annotations

Branches:
Dungeon (3/15)

Altars:
Ashenzari
Xom


Innate Abilities, Weirdness & Mutations

You reflexively headbutt those who attack you in melee.
You have a pair of horns on your head.


Message History

There was something very wrong with that liquid.
You feel weakened.
You feel dopey.
You feel clumsy.
Xom roars with laughter!
You block the gnoll's attack. The gnoll closely misses you.
You furiously retaliate!
You headbutt the gnoll!
You kill the gnoll!
The gnoll barely misses you. You block the gnoll's attack.
Things that are here:
a spear; a gnoll corpse You hit the gnoll.
Your headbutt misses the gnoll.
The gnoll is lightly wounded.
The gnoll hits you but does no damage. You block the gnoll's attack.
You slash the gnoll!
You kill the gnoll!
You feel your strength returning.
The gnoll hits you from afar with a spear of venom.
* * * LOW HITPOINT WARNING * * *
You are lethally poisoned!
You die...
Xom thinks this is hilarious!

... #. ...#. ..#.
... ..### ... #g#
# #@# .. #)## .#
#..# .#
##%#####.#
#####..#....#
##...........##
##.........)...##
#........)()....#
#........)))....#


You could see a gnoll.

Vanquished Creatures
  2 gnolls (D:3)
  An adder (D:2)
  An ooze (D:2)
  3 worms (D:2)
  A dart slug (D:2)
  6 orcs (D:3)
  4 giant cockroaches
  6 goblins
  8 hobgoblins
  A quokka (D:2)
  7 bats
  A giant newt (D:1)
  7 kobolds
  8 rats
56 creatures vanquished.

Notes
Turn   | Place    | Note
--------------------------------------------------------------
     0 | D:1      | kae the Minotaur Fighter began the quest for the Orb.
     0 | D:1      | Reached XP level 1. HP: 19/19 MP: 0/0
    60 | D:1      | Reached skill level 3 in Long Blades
    69 | D:1      | Reached XP level 2. HP: 21/26 MP: 1/1
   468 | D:1      | Reached skill level 4 in Long Blades
   657 | D:2      | Reached XP level 3. HP: 31/31 MP: 2/2
   755 | D:2      | Found a shattered altar of Ashenzari.
   935 | D:2      | Found a faded altar to an unknown god.
  1144 | D:2      | Reached skill level 5 in Long Blades
  1159 | D:2      | Found a shimmering altar of Xom.
  1203 | D:2      | Reached XP level 4. HP: 39/39 MP: 3/3
  1352 | D:2      | Became a worshipper of Xom the Elder Chaos God
  1505 | D:3      | XOM: divination: detect creatures
  1517 | D:3      | Succumbed to a gnoll's poison

Vault maps used:
D:1:      grunt_arrival_crossed_arrows, serial_forest,
          infiniplex_forest_clump_tiny, infiniplex_forest_straight_4,
          infiniplex_forest_end_double, infiniplex_forest_lined_3,
          infiniplex_forest_clump_cross, infiniplex_forest_zigzag_1,
          infiniplex_forest_straight_4, infiniplex_forest_lined_1,
          infiniplex_forest_end_1, minmay_unequal
D:2:      nicolae_overflow_crystal_walls, lemuel_round_altar,
          ecumenical_altar_1, first_bread

Skill      XL: |  1  2  3 |
---------------+----------+-----
Long Blades    | 3 4 5 |  5.9
Fighting       | |  3.6
Armour         | |  3.6
Shields        | |  3.6

Action                   |  1- 3 |  4- 6 || total
-------------------------+-------+-------++-------
Melee: Long sword        |   107 |    29 ||   136
       Headbutt          |    19 |     5 ||    24
  Use: Potion            |       |     4 ||     4
  Eat: Chunk             |     1 |     1 ||     2
Armor: Scale mail        |    50 |    14 ||    64
Dodge: Dodged            |    21 |    13 ||    34
Block: Shield            |    61 |    28 ||    89
